 Dungeon Crawl Stone Soup version 0.28.0-1-gb440e238dd (webtiles) character file.

Game seed: 15612377263205746135

26 zeram the Sneak (level 3, -3/24 HPs)
             Began as an Octopode Brigand on Feb 20, 2022.
             Slain by an orc (6 damage)
             ... on level 1 of the Dungeon.
             The game lasted 00:01:15 (1392 turns).

zeram the Sneak (Octopode Brigand)                  Turns: 1392, Time: 00:01:15

Health: -3/24      AC:  1    Str: 10    XL:     3   Next: 8%
Magic:  3/3        EV: 12    Int: 15    God:
Gold:   32         SH:  0    Dex: 13    Spells: 2/2 levels left

rFire   . . .      SeeInvis .   a - +2 dagger
rCold   . . .      Faith    .   (no shield)
rNeg    . . .      Spirit   .   (helmet restricted)
rPois   .          Reflect  .   (no amulet)
rElec   .          Harm     .   (no ring)
rCorr   .          Rampage  .   (no ring)
Will    .....                   (no ring)
Stlth   ++++......              (no ring)
HPRegen 0.08/turn               (no ring)
MPRegen 0.08/turn               (no ring)
                                (no ring)
                                (no ring)

@: no status effects
A: almost no armour, amphibious, 8 rings, camouflage 1, gelatinous body 1,
(nimble swimmer 1), tentacles
a: no special abilities


You were on level 1 of the Dungeon.
You visited 1 branch of the dungeon, and saw 2 of its levels.

You collected 32 gold pieces.

Inventory:

Hand Weapons
 a - a +2 dagger (weapon)
Missiles
 b - 13 poisoned darts (quivered)
 c - 2 curare-tipped darts
Jewellery
 d - a ring of fire
Scrolls
 f - 3 scrolls of identify {unknown}
 g - 2 scrolls of noise {unknown}
 j - a scroll of holy word {unknown}
Potions
 h - a potion of resistance {unknown}
 i - a potion of attraction {unknown}


   Skills:
 - Level 2.0 Fighting
 + Level 2.1 Short Blades
 - Level 2.0 Throwing
 + Level 1.1 Dodging
 + Level 6.6 Stealth


You had 2 spell levels left.
You didn't know any spells.
Your spell library contained the following spells:

 Spells                   Type           Power      Damage    Failure   Level
 Conjure Flame            Conj/Fire      0%         6-21      63%         3
 Ignite Poison            Fire/Tmut/Pois 0%         N/A       63%         3
 Sticky Flame             Conj/Fire      0%         2d3       95%         4


Dungeon Overview and Level Annotations

Branches:
Dungeon (2/15)

Altars:


Innate Abilities, Weirdness & Mutations

You cannot wear most types of armour.
You are amphibious.
You can wear up to eight rings at the same time.
Your skin changes colour to match your surroundings (Stealth+).
Your rubbery body absorbs attacks. (AC +1, EV +1)
((You are camouflaged when in or above water. (Stealth+)))
You have tentacles for arms and can constrict up to eight enemies at once.


Message History

You feel yourself speed up.
You start resting.
You recover from your berserk rage.
You start resting.
HP restored.
Okay, then.
You climb downwards.
There is a stone staircase leading up here.
You closely miss the frilled lizard. Your grab misses the frilled lizard.
Your squeeze misses the frilled lizard. The frilled lizard bites you.
You hit the frilled lizard.
You kill the frilled lizard!
No target in view!
No target in view!
No target in view!
The orc closely misses you.
You hit the orc. You grab the orc.
The orc is heavily wounded.
You constrict the orc, but do no damage.
The orc struggles to escape constriction.
The orc hits you from afar with a +0 trident.
You hit the orc.
You kill the orc!
The orc barely misses you.
You closely miss the orc. You grab the orc. You constrict the orc.
The orc escapes!
The orc hits you with a +0 club.
The orc hits you from afar with a +0 trident.
You hit the orc but do no damage. Your grab misses the orc.
The orc is lightly wounded.
The orc hits you with a +0 flail. The orc hits you with a +0 club.
* * * LOW HITPOINT WARNING * * *
The orc hits you from afar with a +0 trident.
* * * LOW HITPOINT WARNING * * *
You are too injured to fight recklessly!
There is a stone staircase leading up here.
The orc closely misses you. The orc barely misses you.
You climb upwards.
There is a stone staircase leading down here.
The orc hits you with a +0 flail.
You die...

### #.# #.# #.# #.# #.#
########### #.##########
#.........#
#..........#####.........###
#.#........@o...............
#.#..#.....#o###.........###
#.#..#.....#................
####..####..#.###.........##.
#......[.#..#.# ########.#...
#.######.#..#.# #.#.##
#.#.##...#..#.# #.....
###.##.###..#.# ##...#
#...##...#..#.###########...#


You could see 2 orcs.

Vanquished Creatures
  An adder (D:1)
  An orc (D:2)
  An endoplasm (D:1)
  A goblin (D:1)
  2 hobgoblins (D:1)
  2 quokkas (D:1)
  3 ball pythons (D:1)
  A bat (D:2)
  A frilled lizard (D:2)
  2 kobolds (D:1)
  2 rats (D:1)
17 creatures vanquished.

Notes
Turn   | Place    | Note
-------+----------+-------------------------------------------
     0 | D:1      | zeram the Octopode Brigand began the quest for the Orb.
     0 | D:1      | Reached XP level 1. HP: 14/14 MP: 1/1
   138 | D:1      | Found a faded altar of an unknown god.
   525 | D:1      | Reached XP level 2. HP: 19/19 MP: 2/2
   625 | D:1      | Reached skill level 6 in Stealth
  1115 | D:1      | Reached XP level 3. HP: 2/24 MP: 3/3
  1392 | D:1      | Slain by an orc

Illustrated notes

Levels and vault maps discovered:
D:1:      minmay_arrival_four_houses, layout_basic,
          shapermc_ecumenical_altar_mp_ritualfount, minmay_misc_feat_alley,
          bh_walls_and_bars
D:2:      minmay_roachtagon, layout_basic

Skill      XL: |  1  2 |
---------------+-------+-----
Stealth        | 6 |  6.6
Fighting       | |  2.0
Short Blades   | |  2.1
Throwing       | |  2.0
Dodging        | |  1.1

Action                   || total
-------------------------++-------
Melee: Dagger            ||    30
       Constrict         ||     8
       Tentacles         ||     1
  Use: Potion            ||     1
 Stab: Sleeping          ||     8
Armor: Skin              ||     4
Dodge: Dodged            ||    16
